TOP OF THE 1ST |
Mississippi Braves batting - Pitching for Columbia Fireflies : RHP Jason Vulich
|
Pitching: RHP Jason Vulich
|
|
Batting: RHB Hieronim Rutkowski
|
0-0: SINGLE (Groundball, 6, EV 100.6 MPH)
|
Batting: RHB Luis Revilla
|
0-0: Ball 1-0: Ball 2-0: Fielders Choice at 2nd, 6-4 (Groundball, 6, EV 86.9 MPH)
|
Batting: LHB Erik Gretzky
|
0-0: Foul Ball, location: 2F 0-1: Ball 1-1: Ball 2-1: Foul Ball, location: 2F 2-2: Ball Wild Pitch! Luis Revilla to second 3-2: Base on Balls
|
Batting: SHB Bob Morales
|
0-0: Ball 1-0: Called Strike 1-1: Ball 2-1: Ball 3-1: Base on Balls Luis Revilla to third Erik Gretzky to second
|
Batting: LHB Chad Persaud
|
0-0: Ball 1-0: Ball 2-0: Fly out, F9 (Flyball, 9, EV 86.9 MPH) Runner from 3rd tags up, SCORES, throw by RF Erik Gretzky to third
|
Batting: LHB Oke Monti
|
0-0: Ball 1-0: Called Strike 1-1: Foul Ball, location: 2F 1-2: Fly out, F9 (Flyball, 89S, EV 83.8 MPH)
|
Top of the 1st over - 1 run, 1 hit, 0 errors, 2 left on base; Mississippi 1 - Columbia 0 |
BOTTOM OF THE 1ST |
Columbia Fireflies batting - Pitching for Mississippi Braves : RHP Orlando Velazquez
|
Pitching: RHP Orlando Velazquez
|
|
Batting: RHB Zhao-ying Joe
|
0-0: Foul Ball, location: 2F 0-1: Called Strike 0-2: Ball 1-2: Ball 2-2: Foul Ball, location: 2F 2-2: Foul Ball, location: 2F 2-2: Ball 3-2: Base on Balls
|
Batting: SHB Callum Lynch
|
0-0: Ball Zhao-ying Joe steals 2nd, throwing error, E2 Zhao-ying Joe to third 1-0: Foul Ball, location: 2F 1-1: Ball 2-1: Ground out 1-3 (Groundball, 13S, EV 60.6 MPH)
|
Batting: LHB Bayesa Mundhir
|
0-0: Ball 1-0: Ball 2-0: Ball 3-0: Called Strike 3-1: SINGLE (Groundball, 4MD, EV 104.4 MPH) Zhao-ying Joe scores
|
Batting: SHB Justin Wallace
|
0-0: Ball Wild Pitch! Bayesa Mundhir to second 1-0: SINGLE (Line Drive, 7S, EV 100.6 MPH) Bayesa Mundhir to third
|
Batting: LHB Tony Leyba
|
0-0: Called Strike 0-1: Ball 1-1: Ball 2-1: Ball 3-1: Grounds into double play, 6-4-3 (Groundball, 6, EV 99.4 MPH)
|
Bottom of the 1st over - 1 run, 2 hits, 1 error, 1 left on base; Mississippi 1 - Columbia 1 |
TOP OF THE 2ND |
Mississippi Braves batting - Pitching for Columbia Fireflies : RHP Jason Vulich
|
Batting: RHB Edgar Castillo
|
0-0: Called Strike 0-1: Ball 1-1: Called Strike 1-2: Hit by Pitch
|
Batting: RHB Alex Velasquez
|
0-0: Fly out, F4 (Popup, 4MD, EV 48.1 MPH)
|
Batting: SHB Juan Aguilar
|
0-0: Ball 1-0: Called Strike Edgar Castillo steals 2nd base (no throw) 1-1: Swinging Strike 1-2: Ground out U3 (Groundball, 34, EV 86.2 MPH) Edgar Castillo to third
|
Pitching: RHP Andy Reinhardt
|
|
Batting: RHB Hieronim Rutkowski
|
0-0: Ball 1-0: 2-RUN HOME RUN (Flyball, 7D, EV 97.5 MPH), Distance : 360 ft
|
Batting: RHB Luis Revilla
|
0-0: Called Strike 0-1: Fly out, F8 (Flyball, 8RD, EV 91.2 MPH)
|
Top of the 2nd over - 2 runs, 1 hit, 0 errors, 0 left on base; Mississippi 3 - Columbia 1 |
BOTTOM OF THE 2ND |
Columbia Fireflies batting - Pitching for Mississippi Braves : RHP Orlando Velazquez
|
Batting: RHB Artyom Shavkunov
|
0-0: Ball 1-0: Called Strike 1-1: Ground out 5-3 (Groundball, 5, EV 100.0 MPH)
|
Batting: RHB Jake Geib
|
0-0: Called Strike 0-1: Called Strike 0-2: Foul Ball, location: 2F 0-2: Ball 1-2: Ball 2-2: Strikes out looking
|
Batting: RHB Dan Muse
|
0-0: Ball 1-0: Called Strike 1-1: Ball 2-1: Foul Ball, location: 2F 2-2: DOUBLE (Line Drive, 89D, EV 108.8 MPH)
|
Batting: RHB Frank Shaw
|
0-0: Swinging Strike 0-1: Ball 1-1: Called Strike 1-2: Ball 2-2: Ball 3-2: Foul Ball, location: 2F 3-2: Base on Balls
|
Batting: RHB Zhao-ying Joe
|
0-0: Ball 1-0: Ball 2-0: Foul Ball, location: 2F 2-1: Foul Ball, location: 2F 2-2: Foul Ball, location: 2F 2-2: Ball 3-2: Strikes out swinging
|
Bottom of the 2nd over - 0 runs, 1 hit, 0 errors, 2 left on base; Mississippi 3 - Columbia 1 |
TOP OF THE 3RD |
Mississippi Braves batting - Pitching for Columbia Fireflies : RHP Andy Reinhardt
|
Batting: LHB Erik Gretzky
|
0-0: Ball 1-0: Foul Ball, location: 2F 1-1: Called Strike 1-2: Strikes out swinging
|
Batting: SHB Bob Morales
|
0-0: Called Strike 0-1: Foul Ball, location: 2F 0-2: Ball 1-2: Foul Ball, location: 2F 1-2: Foul Ball, location: 2F 1-2: Ball 2-2: Ground out 1-3 (Groundball, 15S, EV 69.4 MPH)
|
Batting: LHB Chad Persaud
|
0-0: Called Strike 0-1: Foul Ball, location: 2F 0-2: Strikes out swinging
|
Top of the 3rd over - 0 runs, 0 hits, 0 errors, 0 left on base; Mississippi 3 - Columbia 1 |
BOTTOM OF THE 3RD |
Columbia Fireflies batting - Pitching for Mississippi Braves : RHP Orlando Velazquez
|
Batting: SHB Callum Lynch
|
0-0: Swinging Strike 0-1: Foul Ball, location: 2F 0-2: Ball 1-2: Foul Ball, location: 2F 1-2: Ball 2-2: Fly out, F7 (Line Drive, 7, EV 88.1 MPH)
|
Batting: LHB Bayesa Mundhir
|
0-0: Called Strike 0-1: SINGLE (Line Drive, 7S, EV 106.2 MPH)
|
Batting: SHB Justin Wallace
|
0-0: Ball 1-0: Called Strike 1-1: Ground out U3 (Groundball, 3S, EV 65.6 MPH) Bayesa Mundhir to second
|
Batting: LHB Tony Leyba
|
0-0: Ball 1-0: Ball 2-0: Called Strike 2-1: Ground out 6-3 (Groundball, 6, EV 108.1 MPH)
|
Bottom of the 3rd over - 0 runs, 1 hit, 0 errors, 1 left on base; Mississippi 3 - Columbia 1 |
TOP OF THE 4TH |
Mississippi Braves batting - Pitching for Columbia Fireflies : RHP Andy Reinhardt
|
Batting: LHB Oke Monti
|
0-0: Swinging Strike 0-1: Ball 1-1: Ball 2-1: Called Strike 2-2: Ball 3-2: Base on Balls
|
Batting: RHB Edgar Castillo
|
0-0: Ball 1-0: Hit by Pitch Oke Monti to second
|
Batting: RHB Alex Velasquez
|
0-0: Called Strike 0-1: Called Strike 0-2: SINGLE (Line Drive, 9S, EV 91.9 MPH) Oke Monti to third Edgar Castillo to second Runner from 3rd tries for Home, SAFE, throw by RF to home
|
Batting: SHB Juan Aguilar
|
0-0: SINGLE (Line Drive, 89S, EV 106.9 MPH) Edgar Castillo to third Alex Velasquez to second
|
Batting: RHB Hieronim Rutkowski
|
0-0: Called Strike 0-1: Fielders Choice at 2nd, 4-6 (Groundball, 4, EV 78.8 MPH) Edgar Castillo scores Alex Velasquez to third
|
Batting: RHB Luis Revilla
|
0-0: Foul Ball, location: 2F 0-1: Ball 1-1: Ball 2-1: Ball 3-1: Called Strike 3-2: SINGLE (Groundball, 56, EV 96.2 MPH) Alex Velasquez scores Hieronim Rutkowski to second
|
Pitching: RHP Justin Overlie
|
|
Batting: LHB Erik Gretzky
|
0-0: Called Strike 0-1: Ball 1-1: Foul Ball, location: 2F 1-2: Fielders Choice at 2nd, 6-4 (Groundball, 6, EV 104.4 MPH) Hieronim Rutkowski to third
|
Batting: SHB Bob Morales
|
0-0: Ball 1-0: Ball 2-0: Ground out 5-3 (Groundball, 56S, EV 66.9 MPH)
|
Top of the 4th over - 3 runs, 3 hits, 0 errors, 2 left on base; Mississippi 6 - Columbia 1 |
BOTTOM OF THE 4TH |
Columbia Fireflies batting - Pitching for Mississippi Braves : RHP Orlando Velazquez
|
Batting: RHB Artyom Shavkunov
|
0-0: Ball 1-0: Called Strike 1-1: Called Strike 1-2: Ball 2-2: Strikes out swinging
|
Batting: RHB Jake Geib
|
0-0: Called Strike 0-1: Ball 1-1: SINGLE (Groundball, 6S, EV 76.2 MPH) (infield hit)
|
Batting: RHB Dan Muse
|
0-0: Ball 1-0: Ball 2-0: Called Strike 2-1: Ball Jake Geib is caught stealing 2nd base 2-4 3-1: Called Strike 3-2: Ground out U3 (Groundball, 34S, EV 68.8 MPH)
|
Bottom of the 4th over - 0 runs, 1 hit, 0 errors, 0 left on base; Mississippi 6 - Columbia 1 |
TOP OF THE 5TH |
Mississippi Braves batting - Pitching for Columbia Fireflies : RHP Justin Overlie
|
Batting: LHB Chad Persaud
|
0-0: Ball 1-0: Ball 2-0: Ground out 6-3 (Groundball, 6, EV 86.9 MPH)
|
Batting: LHB Oke Monti
|
0-0: Foul Ball, location: 2F 0-1: Foul Ball, location: 2F 0-2: Fly out, F9 (Flyball, 89M, EV 94.4 MPH)
|
Batting: RHB Edgar Castillo
|
0-0: Foul Ball, location: 2F 0-1: Called Strike 0-2: Foul Ball, location: 2F 0-2: Ball 1-2: Ground out 5-3 (Groundball, 56S, EV 87.5 MPH)
|
Top of the 5th over - 0 runs, 0 hits, 0 errors, 0 left on base; Mississippi 6 - Columbia 1 |
BOTTOM OF THE 5TH |
Columbia Fireflies batting - Pitching for Mississippi Braves : RHP Orlando Velazquez
|
Batting: RHB Frank Shaw
|
0-0: Ball 1-0: Foul Ball, location: 2F 1-1: Ball 2-1: Swinging Strike 2-2: Strikes out swinging
|
Batting: RHB Zhao-ying Joe
|
0-0: Ball 1-0: Called Strike 1-1: Called Strike 1-2: Ball 2-2: Strikes out swinging
|
Batting: SHB Callum Lynch
|
0-0: Ball 1-0: Called Strike 1-1: Ground out U3 (Groundball, 3S, EV 63.1 MPH)
|
Bottom of the 5th over - 0 runs, 0 hits, 0 errors, 0 left on base; Mississippi 6 - Columbia 1 |
TOP OF THE 6TH |
Mississippi Braves batting - Pitching for Columbia Fireflies : RHP Justin Overlie
|
Batting: RHB Alex Velasquez
|
0-0: Called Strike 0-1: Ball 1-1: SINGLE (Groundball, 6S, EV 73.8 MPH) (infield hit)
|
Batting: SHB Juan Aguilar
|
0-0: Called Strike Alex Velasquez steals 2nd base (no throw) 0-1: SINGLE (Groundball, 34D, EV 101.9 MPH) Alex Velasquez to third Runner from 3rd tries for Home, throw by RF and OUT! 9-2 Juan Aguilar to second
|
Batting: RHB Hieronim Rutkowski
|
0-0: Swinging Strike 0-1: Swinging Strike 0-2: Foul Ball, location: 2F 0-2: Ball 1-2: Ball 2-2: Ball 3-2: Fly out, F8 (Flyball, 8RD, EV 100.0 MPH)
|
Batting: RHB Luis Revilla
|
0-0: Ball 1-0: Called Strike 1-1: Foul Ball, location: 2F 1-2: Ground out 6-3 (Groundball, 6, EV 106.9 MPH)
|
Top of the 6th over - 0 runs, 2 hits, 0 errors, 1 left on base; Mississippi 6 - Columbia 1 |
BOTTOM OF THE 6TH |
Columbia Fireflies batting - Pitching for Mississippi Braves : RHP Orlando Velazquez
|
Pitching: RHP Tade Balder
|
|
Batting: LHB Bayesa Mundhir
|
0-0: Called Strike 0-1: Ball 1-1: Ball 2-1: Ball 3-1: Base on Balls
|
Batting: SHB Justin Wallace
|
0-0: Fly out, F8 (Line Drive, 8RD, EV 91.2 MPH)
|
Batting: LHB Tony Leyba
|
0-0: Ball 1-0: Ball 2-0: Swinging Strike 2-1: Fly out, F8 (Flyball, 8LD, EV 92.5 MPH)
|
Batting: RHB Artyom Shavkunov
|
0-0: Ball Wild Pitch! Bayesa Mundhir to second 1-0: Ball 2-0: Fly out, F9 (Line Drive, 89M, EV 106.2 MPH)
|
Bottom of the 6th over - 0 runs, 0 hits, 0 errors, 1 left on base; Mississippi 6 - Columbia 1 |
TOP OF THE 7TH |
Mississippi Braves batting - Pitching for Columbia Fireflies : RHP Justin Overlie
|
Batting: LHB Erik Gretzky
|
0-0: Called Strike 0-1: Swinging Strike 0-2: Ball 1-2: Foul Ball, location: 2F 1-2: Strikes out swinging
|
Batting: SHB Bob Morales
|
0-0: Foul Ball, location: 2F 0-1: SINGLE (Groundball, 6MD, EV 95.0 MPH)
|
Batting: LHB Chad Persaud
|
0-0: Ball Bob Morales is caught stealing 2nd base 2-6 1-0: Called Strike 1-1: Foul Ball, location: 2F 1-2: Ball 2-2: Foul Ball, location: 2F 2-2: Strikes out looking
|
Top of the 7th over - 0 runs, 1 hit, 0 errors, 0 left on base; Mississippi 6 - Columbia 1 |
BOTTOM OF THE 7TH |
Columbia Fireflies batting - Pitching for Mississippi Braves : RHP Tade Balder
|
Batting: RHB Jake Geib
|
0-0: Ball 1-0: Fly out, F7 (Flyball, 7D, EV 99.4 MPH)
|
Batting: RHB Dan Muse
|
0-0: Called Strike 0-1: Called Strike 0-2: Ball 1-2: Ball 2-2: Ball 3-2: Foul Ball, location: 2F 3-2: Foul Ball, location: 2F 3-2: Base on Balls
|
Batting: RHB Frank Shaw
|
0-0: Called Strike 0-1: Called Strike Dan Muse steals 2nd base 0-2: Ball 1-2: Strikes out swinging
|
Batting: RHB Zhao-ying Joe
|
0-0: Ball 1-0: Called Strike 1-1: Ball 2-1: Ball 3-1: Base on Balls
|
Batting: SHB Callum Lynch
|
0-0: Foul Ball, location: 2F 0-1: SINGLE (Line Drive, 56D, EV 98.8 MPH) Dan Muse to third Zhao-ying Joe to second Runner from 3rd tries for Home, SAFE, throw by LF to home
|
Batting: LHB Bayesa Mundhir
|
0-0: Ground out U3 (Groundball, 3L, EV 90.6 MPH)
|
Bottom of the 7th over - 1 run, 1 hit, 0 errors, 2 left on base; Mississippi 6 - Columbia 2 |
TOP OF THE 8TH |
Mississippi Braves batting - Pitching for Columbia Fireflies : RHP Justin Overlie
|
Pitching: RHP Alastair Henry
|
|
Batting: LHB Oke Monti
|
0-0: DOUBLE (Line Drive, 9LM, EV 114.4 MPH)
|
Batting: RHB Edgar Castillo
|
0-0: Ball 1-0: Ball 2-0: Ball 3-0: Base on Balls
|
Batting: RHB Alex Velasquez
|
0-0: Swinging Strike 0-1: Ball 1-1: Foul Ball, location: 2F 1-2: Foul Ball, location: 2F 1-2: Ball 2-2: Ball 3-2: Foul Ball, location: 2F 3-2: Base on Balls Oke Monti to third Edgar Castillo to second
|
Batting: SHB Juan Aguilar
|
0-0: Foul Ball, location: 2F 0-1: Ball 1-1: Called Strike 1-2: Ball 2-2: Ball 3-2: Strikes out looking
|
Batting: RHB Hieronim Rutkowski
|
0-0: Foul Ball, location: 2F 0-1: Swinging Strike 0-2: Fly out, F7 (Flyball, 78M, EV 92.5 MPH)
|
Batting: RHB Luis Revilla
|
0-0: Foul Ball, location: 2F 0-1: Ball 1-1: Called Strike 1-2: Fielders Choice at 2nd, 5-4 (Groundball, 56, EV 85.6 MPH)
|
Top of the 8th over - 0 runs, 1 hit, 0 errors, 3 left on base; Mississippi 6 - Columbia 2 |
BOTTOM OF THE 8TH |
Columbia Fireflies batting - Pitching for Mississippi Braves : RHP Tade Balder
|
Pitching: RHP Ricky Rivera
|
|
Batting: SHB Justin Wallace
|
0-0: Ball 1-0: Ball 2-0: Ball 3-0: Called Strike 3-1: Foul Ball, location: 2F 3-2: Fly out, F7 (Flyball, 7LS, EV 90.6 MPH)
|
Batting: LHB Tony Leyba
|
0-0: Called Strike 0-1: Foul Ball, location: 2F 0-2: Fly out, F8 (Flyball, 78D, EV 84.4 MPH)
|
Batting: RHB Artyom Shavkunov
|
0-0: SINGLE (Line Drive, 8RS, EV 105.0 MPH)
|
Batting: RHB Jake Geib
|
0-0: Foul Ball, location: 2F 0-1: Ball 1-1: Foul Ball, location: 2F 1-2: Ball 2-2: Foul Ball, location: 2F 2-2: Foul Ball, location: 2F 2-2: Ground out 2-3 (Groundball, 2L, EV 73.8 MPH)
|
Bottom of the 8th over - 0 runs, 1 hit, 0 errors, 1 left on base; Mississippi 6 - Columbia 2 |
TOP OF THE 9TH |
Mississippi Braves batting - Pitching for Columbia Fireflies : RHP Alastair Henry
|
Pitching: LHP Mike Capers
|
|
Batting: LHB Erik Gretzky
|
0-0: Ball 1-0: Ball 2-0: Ball 3-0: Called Strike 3-1: Base on Balls
|
Batting: SHB Bob Morales
|
0-0: Ball Erik Gretzky steals 2nd base 1-0: Foul Ball, location: 2F 1-1: Foul Ball, location: 2F 1-2: Ground out 6-3 (Groundball, 6, EV 81.9 MPH) Erik Gretzky to third
|
Batting: LHB Chad Persaud
|
0-0: Called Strike 0-1: Swinging Strike 0-2: Ball 1-2: Foul Ball, location: 2F 1-2: Ground out 5-3 (Groundball, 15, EV 81.9 MPH) Erik Gretzky scores
|
Batting: LHB Oke Monti
|
0-0: Called Strike 0-1: Foul Ball, location: 2F 0-2: Ball 1-2: Ball 2-2: Ground out 4-3 (Groundball, 4, EV 83.8 MPH)
|
Top of the 9th over - 1 run, 0 hits, 0 errors, 0 left on base; Mississippi 7 - Columbia 2 |
BOTTOM OF THE 9TH |
Columbia Fireflies batting - Pitching for Mississippi Braves : RHP Ricky Rivera
|
Batting: RHB Dan Muse
|
0-0: Called Strike 0-1: Ball 1-1: Called Strike 1-2: Ball 2-2: Ball 3-2: Strikes out swinging
|
Batting: RHB Frank Shaw
|
0-0: Ball 1-0: Ball 2-0: Swinging Strike 2-1: Called Strike 2-2: Ball 3-2: Strikes out swinging
|
Batting: RHB Zhao-ying Joe
|
0-0: Called Strike 0-1: Called Strike 0-2: Ball 1-2: Fly out, F9 (Flyball, 9S, EV 91.9 MPH)
|
Bottom of the 9th over - 0 runs, 0 hits, 0 errors, 0 left on base; Mississippi 7 - Columbia 2 |
|